 Dungeon Crawl Stone Soup version 0.20.0-1-g1cb1d84 (webtiles) character file.

22313 rodrick the Grappler (level 12, -19/120 HPs)
             Began as a Troll Monk on May 26, 2017.
             Was a High Priest of Okawaru.
             Demolished by Rupert
             ... wielding a +2 great mace of draining
              (32 damage)
             ... on level 1 of the Orcish Mines on May 27, 2017.
             The game lasted 00:36:21 (9915 turns).

rodrick the Grappler (Troll Monk)                   Turns: 9915, Time: 00:36:22

Health: -19/120    AC: 15    Str: 26    XL:     12   Next: 61%
Magic:  12/14      EV: 15    Int:  6    God:    Okawaru [*****.]
Gold:   822        SH: 15    Dex: 12    Spells: 11/11 levels left

rFire    . . .     SeeInvis .     - Unarmed
rCold    . . .     Gourm    +   C - +2 shield {AC+3}
rNeg     . . .     Faith    .   B - +0 steam dragon scales
rPois    .         Spirit   .   (helmet restricted)
rElec    +         Reflect  +   D - +0 cloak of Lugonu's Benevolence {rElec}
rCorr    .         Harm     .   (gloves unavailable)
MR       .....                  (boots unavailable)
Stlth    ++........             F - +2 amulet of reflection
Regen    0.7/turn               k - +4 ring of slaying
MPRegen  0.2/turn               i - +3 ring of protection

@: heroism, heavily drained
A: unfitting armour, claws 3, fast metabolism 3, gourmand, regeneration 1,
shaggy fur 1, tough skin 2
a: Heroism, Finesse, Renounce Religion


You were on level 1 of the Orcish Mines.
You worshipped Okawaru.
Okawaru was extremely pleased with you.
You were full.

You visited 2 branches of the dungeon, and saw 13 of its levels.
You also visited: Bailey.

You collected 822 gold pieces.

Inventory:

Missiles
 e - 7 tomahawks
 w - 9 large rocks (quivered)
 I - 6 poisoned javelins
 N - 2 steel javelins
Armour
 v - a +0 large shield
 B - +0 steam dragon scales (worn)
 C - a +2 shield of protection (worn)
 D - the +0 cloak of Lugonu's Benevolence (worn) {rElec}
   (You acquired it on level 1 of the Orcish Mines)

   It insulates you from electricity.
Jewellery
 g - a +4 ring of evasion
 i - a +3 ring of protection (right claw)
 k - a +4 ring of slaying (left claw)
 n - an uncursed ring of flight
 y - an uncursed amulet of rage {unknown}
 F - a +2 amulet of reflection (around neck)
Scrolls
 h - a scroll of recharging
 j - 8 scrolls of remove curse
 t - 2 scrolls of amnesia
 x - a scroll of teleportation
 E - 6 scrolls of enchant weapon
 L - a scroll of summoning
 M - 5 scrolls of enchant armour
Potions
 d - 10 potions of curing
 l - a potion of ambrosia {unknown}
 m - 3 potions of lignification {unknown}
 p - 2 potions of magic
 q - 3 potions of flight
 r - 2 potions of mutation {unknown}
 s - 3 potions of haste {unknown}
 z - a potion of brilliance
 A - 2 potions of resistance {unknown}
 H - 2 potions of cancellation {unknown}
 J - a potion of might {unknown}
Comestibles
 b - 12 bread rations
 c - 6 meat rations
 f - a fruit
 o - 4 royal jellies


   Skills:
 + Level 8.2(9.8) Fighting
 + Level 8.8(10.4) Throwing
 + Level 8.3(9.9) Dodging
 - Level 1.0(3.2) Stealth
 + Level 7.1(8.8) Shields
 + Level 10.0(11.4) Unarmed Combat
 - Level 5.1(2.3) Invocations


You had 11 spell levels left.
You didn't know any spells.

Dungeon Overview and Level Annotations

Branches:
Dungeon (11/15)            Temple (0/1) D:6            Lair (0/6) D:8
    Orc (2/2) D:11            Elf (0/3) Orc:2

Altars:
Ashenzari
Elyvilon
Nemelex Xobeh
Okawaru
Qazlal
Ru
Zin

Annotations:
Orc:1 Rupert


Innate Abilities, Weirdness & Mutations

You are too large for most types of armour.
You have claws for hands.
Your metabolism is lightning-fast.
You like to eat raw meat.
Your natural rate of healing is unusually fast.
You are covered in fur. (AC +1)
You have very tough skin. (AC +2)


Message History

You scratch Rupert.
Rupert is almost dead.
Rupert hits you with a great mace of draining!!
You feel drained. Something hits you but does no damage.
You claw Rupert!
Rupert is almost dead.
You block Rupert's attack. Something hits you but does no damage.
You claw Rupert!
Rupert is almost dead.
The orc misses you.
Rupert hits you with a great mace of draining!!
* * * LOW HITPOINT WARNING * * *
You feel drained.
* * * LOW HITPOINT WARNING * * *
You block the orc's attack.
You hear some strange, mumbled words.
Something tries to affect you, but you resist.
You gain the combat prowess of a mighty hero.
Rupert hits you with a great mace of draining!!
You die...

........###........#...........)#
..#......(..........#.[...##....#
.###.#.........#..........###....
..#........(..####..[.....###....
..##...........###.........#.....
...##........(...[...............
.....................##..........
.........#.....@.....#..........#
.........###...{@..............#.
#...###...##...oo.#.##.####......
#....###.##.....#.#######....###.
##..## #####.....## ####.# ##
#### #....## ### ##.### ###


You could see Rupert (berserk) and 2 orcs.

Vanquished Creatures
  3 two-headed ogres
  A tengu warrior (D:8)
  3 death yaks (D:8)
  An unseen horror (D:11)
  6 orc knights
  A deep elf mage (D:8)
  A cyclops (D:11)
  An ugly thing (D:11)
  Psyche (D:10)
  6 trolls
  Grinder (D:6)
  A hippogriff (D:11)
  A spriggan (D:9)
  14 yaks (D:10)
  A basilisk (D:11)
  Grum (D:11)
  A steam dragon (D:8)
  Edmund (D:5)
  4 wargs (D:11)
  2 porcupines (D:8)
  2 black bears
  2 sky beasts
  17 orc warriors
  An ice beast (D:10)
  3 phantoms
  An eye of draining (D:7)
  3 wolves (D:11)
  7 ogres
  The ghost of zureal the Chopper, an amateur OpBe of Trog (D:3)
  6 centaurs
  3 big kobolds
  7 bullfrogs
  2 scorpions
  18 killer bees
  11 wights
  A vampire bat (D:3)
  2 howler monkeys (D:11)
  7 crimson imps
  2 centaur zombies
  2 bullfrog zombies (D:5)
  Crazy Yiuf (D:5)
  A hound (D:7)
  2 jellies
  21 orc wizards
  3 centaur skeletons
  7 orc priests
  A bullfrog skeleton (D:5)
  Ijyb (D:4)
  2 hell rats (D:8)
  2 iguanas
  4 worker ants
  A worker ant zombie (D:5)
  3 gnolls (D:7)
  12 adders
  A howler monkey skeleton (D:5)
  A river rat (D:8)
  A shadow imp (D:5)
  3 oozes
  2 worms
  3 dart slugs
  3 fire bats (D:3)
  6 leopard geckos
  70 orcs
  2 spectral bats (D:3)
  2 ball pythons
  3 bat skeletons (D:3)
  A bat zombie (D:3)
  5 giant cockroaches
  8 hobgoblins
  7 jackals
  34 kobolds
  5 quokkas
  19 bats
  A bat simulacrum (D:3)
  5 frilled lizards
  A giant cockroach zombie (D:5)
  6 goblins
  A leopard gecko skeleton (D:8)
  6 rats
406 creatures vanquished.

Vanquished Creatures (others)
  2 centaurs (D:11)
2 creatures vanquished.

Grand Total: 408 creatures vanquished

Notes
Turn   | Place    | Note
-------+----------+-------------------------------------------
     0 | D:1      | rodrick the Troll Monk began the quest for the Orb.
     0 | D:1      | Reached XP level 1. HP: 22/22 MP: 0/0
   295 | D:1      | Reached XP level 2. HP: 29/29 MP: 1/1
  1015 | D:2      | Reached XP level 3. HP: 36/36 MP: 2/2
  1108 | D:2      | Reached skill level 1 in Throwing
  1108 | D:2      | Reached XP level 4. HP: 28/44 MP: 3/3
  1109 | D:2      | Reached skill level 4 in Unarmed Combat
  1176 | D:2      | Found a white marble altar of Elyvilon.
  1262 | D:2      | Found a faded altar of an unknown god.
  1273 | D:2      | Became a worshipper of Warmaster Okawaru
  1273 | D:2      | Reached * piety under Okawaru
  1273 | D:2      | Reached ** piety under Okawaru
  1780 | D:3      | Reached XP level 5. HP: 53/53 MP: 4/4
  1898 | D:3      | Reached *** piety under Okawaru
  2021 | D:3      | Reached XP level 6. HP: 61/61 MP: 5/5
  2297 | D:3      | Noticed zureal's ghost (amateur OpBe)
  2307 | D:3      | Killed zureal's ghost
  2411 | D:4      | Noticed Ijyb
  2416 | D:4      | Killed Ijyb
  2527 | D:4      | Reached XP level 7. HP: 45/68 MP: 6/6
  2628 | D:4      | Reached skill level 5 in Unarmed Combat
  2867 | D:5      | Entered Level 5 of the Dungeon
  2944 | D:5      | Noticed Edmund
  2954 | D:5      | Killed Edmund
  2954 | D:5      | Reached **** piety under Okawaru
  2954 | D:5      | Reached skill level 1 in Shields
  3229 | D:5      | Reached XP level 8. HP: 57/79 MP: 7/7
  3353 | D:5      | Found a runed door.
  3358 | D:5      | Noticed Crazy Yiuf
  3362 | D:5      | Killed Crazy Yiuf
  3420 | D:5      | Found a sacrificial altar of Ru.
  3644 | D:6      | Found a staircase to the Ecumenical Temple.
  3652 | D:6      | Noticed Grinder
  3669 | D:6      | Killed Grinder
  3669 | D:6      | Reached skill level 1 in Invocations
  3701 | D:6      | Received a gift from Okawaru
  4014 | D:6      | Reached skill level 6 in Unarmed Combat
  4093 | D:6      | Found a glowing silver altar of Zin.
  4128 | D:6      | Reached skill level 5 in Fighting
  4587 | D:7      | Reached XP level 9. HP: 88/88 MP: 9/9
  4639 | D:7      | Reached ***** piety under Okawaru
  4717 | D:7      | Reached skill level 5 in Throwing
  4717 | D:7      | Reached skill level 5 in Dodging
  4790 | D:7      | Received a gift from Okawaru
  4955 | D:7      | Noticed a troll
  4956 | D:7      | Noticed a troll
  4971 | D:7      | Killed a troll
  4982 | D:7      | Killed a troll
  4985 | D:7      | Reached skill level 7 in Unarmed Combat
  5064 | D:7      | Found a glowing silver altar of Zin.
  5064 | D:7      | Found a white marble altar of Elyvilon.
  5064 | D:7      | Found a stormy altar of Qazlal.
  5064 | D:7      | Found a glowing silver altar of Zin.
  5124 | D:7      | Reached XP level 10. HP: 98/98 MP: 11/11
  5282 | D:7      | Found a sparkling altar of Nemelex Xobeh.
  5542 | D:8      | Noticed a death yak
  5551 | D:8      | Noticed a death yak
  5551 | D:8      | Found a staircase to the Lair.
  5553 | D:8      | Noticed a death yak
  5565 | D:8      | Killed a death yak
  5565 | D:8      | Received a gift from Okawaru
  5573 | D:8      | Killed a death yak
  5582 | D:8      | Killed a death yak
  5582 | D:8      | Received a gift from Okawaru
  5670 | D:8      | Noticed a two-headed ogre
  5677 | D:8      | Killed a two-headed ogre
  5677 | D:8      | Reached skill level 5 in Shields
  5830 | D:8      | Noticed a deep elf mage
  5835 | D:8      | Noticed a tengu warrior
  5836 | D:8      | Killed a deep elf mage
  5836 | D:8      | Reached skill level 8 in Unarmed Combat
  5845 | D:8      | Killed a tengu warrior
  5845 | D:8      | Received a gift from Okawaru
  5845 | D:8      | Reached ****** piety under Okawaru
  5845 | D:8      | Reached skill level 5 in Invocations
  5845 | D:8      | Reached XP level 11. HP: 50/107 MP: 11/13
  6504 | D:9      | Found a shattered altar of Ashenzari.
  7232 | D:10     | Entered Level 10 of the Dungeon
  7322 | D:10     | Noticed a two-headed ogre
  7338 | D:10     | Killed a two-headed ogre
  7533 | D:10     | Noticed Psyche
  7545 | D:10     | Killed Psyche
  7656 | D:10     | Received a gift from Okawaru
  8072 | D:11     | Noticed a white ugly thing
  8081 | D:11     | Killed a white ugly thing
  8081 | D:11     | Received a gift from Okawaru
  8081 | D:11     | Reached skill level 9 in Unarmed Combat
  8090 | D:11     | Noticed Grum
  8103 | D:11     | Killed Grum
  8148 | D:11     | Found a staircase to the Orcish Mines.
  8245 | D:11     | Noticed a two-headed ogre
  8249 | D:11     | Killed a two-headed ogre
  8249 | D:11     | Received a gift from Okawaru
  8249 | D:11     | Reached XP level 12. HP: 118/118 MP: 14/14
  8629 | Orc:1    | Entered Level 1 of the Orcish Mines
  8720 | Orc:1    | Received a gift from Okawaru
  8875 | Orc:1    | Found a flagged portal.
  8884 | Bailey   | Entered a bailey
  9077 | Bailey   | Received a gift from Okawaru
  9140 | Bailey   | Received a gift from Okawaru
  9325 | Bailey   | Reached skill level 10 in Unarmed Combat
  9394 | Orc:1    | Identified a scroll of acquirement
  9397 | Orc:1    | Got a heavily runed cloak
  9408 | Orc:1    | Identified the +0 cloak of Lugonu's Benevolence {rElec} (You acquired it on level 1 of the Orcish Mines)
  9727 | Orc:2    | Entered Level 2 of the Orcish Mines
  9728 | Orc:2    | Found a staircase to the Elven Halls.
  9731 | Orc:2    | Noticed Rupert
  9737 | Orc:2    | Noticed an orc high priest
  9915 | Orc:1    | Demolished by Rupert

Skill      XL: |  1  2  3  4  5  6  7  8  9 10 11 12 |
---------------+-------------------------------------+-----
Throwing       | 1 2 3 4 5 6 8 |  8.8
Fighting       | 3 4 5 6 7 8 |  8.2
Unarmed Combat | 4 5 6 7 8 9 10 | 10.0
Dodging        | 3 4 5 6 7 8 |  8.3
Shields        | 1 2 4 5 6 7 |  7.1
Invocations    | 2 3 5 |  5.1
Stealth        | |  1.0

Action                   |  1- 3 |  4- 6 |  7- 9 | 10-12 || total
-------------------------+-------+-------+-------+-------++-------
Melee: Unarmed           |    55 |   140 |   314 |   621 ||  1130
       Punch             |       |     1 |       |       ||     1
Throw: Tomahawk          |       |       |     7 |       ||     7
       Large rock        |       |       |       |    23 ||    23
Invok: Heroism           |       |     1 |     3 |    14 ||    18
       Finesse           |       |       |       |     2 ||     2
  Use: Scroll            |     3 |     3 |     7 |    13 ||    26
       Potion            |       |       |       |     4 ||     4
 Stab: Sleeping          |     3 |     6 |     1 |     3 ||    13
       Paralysed         |       |       |     1 |       ||     1
       Invisible         |       |       |       |     4 ||     4
       Distracted        |       |       |       |     1 ||     1
  Eat: Chunk             |    15 |    13 |    25 |    40 ||    93
Armor: Robe              |    13 |    67 |    77 |       ||   157
       Troll leather arm |       |       |     5 |    24 ||    29
       Steam dragon scal |       |       |       |   130 ||   130
Dodge: Dodged            |    30 |   139 |    64 |   253 ||   486
Block: Large shield      |       |       |   228 |    45 ||   273
       Shield            |       |       |       |   409 ||   409
       Reflection        |       |       |       |     9 ||     9
